 Dungeon Crawl Stone Soup version 0.29-a0-214-g17f627cfee (webtiles) character file.

Game seed: 16141542769126492787

1009 siradein the Shield-Bearer (level 8, -2/70 HPs)
             Began as a Minotaur Fighter on Feb 25, 2022.
             Succumbed to a gnoll sergeant's poison
             ... on level 5 of the Dungeon.
             The game lasted 00:13:44 (4384 turns).

siradein the Shield-Bearer (Minotaur Fighter)       Turns: 4384, Time: 00:13:44

Health: -2/70      AC: 14    Str: 21    XL:     8   Next: 1%
Magic:  7/7        EV:  7    Int:  5    God:
Gold:   363        SH:  9    Dex: 12    Spells: 7/7 levels left

rFire   + . .      SeeInvis .   u - +0 short sword (venom)
rCold   + + .      Faith    .   y - +0 kite shield
rNeg    . . .      Spirit   .   e - +2 chain mail {rF+}
rPois   .          Reflect  .   (helmet restricted)
rElec   .          Harm     .   (no cloak)
rCorr   .          Rampage  .   n - +0 pair of gloves
Will    .....                   m - +0 pair of boots
Stlth   ..........              p - amulet of regeneration
HPRegen 1.01/turn               k - ring of protection from cold
MPRegen 0.10/turn               r - ring of protection from cold

@: lethally poisoned (-2 -> -17)
A: horns 2, retaliatory headbutt
a: no special abilities


You were on level 5 of the Dungeon.
You visited 1 branch of the dungeon, and saw 5 of its levels.

You collected 363 gold pieces.

Inventory:

Hand Weapons
 a - a +0 long sword
 u - a +0 short sword of venom (weapon)
Missiles
 b - 7 poisoned darts (quivered)
 o - 2 throwing nets
Armour
 e - a +2 chain mail of fire resistance (worn)
 m - a +0 pair of boots (worn)
 n - a +0 pair of gloves (worn)
 y - a +0 kite shield (worn)
Jewellery
 k - a ring of protection from cold (left hand)
 p - an amulet of regeneration (around neck)
 r - a ring of protection from cold (right hand)
Scrolls
 i - a scroll of noise {unknown}
 j - a scroll of torment {unknown}
 l - 4 scrolls of identify {unknown}
 q - 2 scrolls of immolation {unknown}
 v - 2 scrolls of teleportation {unknown}
 w - a scroll of summoning {unknown}
Potions
 d - a potion of might
 f - 2 potions of brilliance {unknown}
 g - 2 potions of lignification {unknown}
 h - 2 potions of curing {unknown}
 s - a potion of heal wounds {unknown}
 t - a potion of ambrosia {unknown}
 x - 2 potions of invisibility {unknown}


   Skills:
 + Level 6.3 Fighting
 + Level 5.6 Long Blades
 + Level 6.3 Armour
 + Level 3.3 Dodging
 + Level 6.3 Shields


You had 7 spell levels left.
You didn't know any spells.
Your spell library contained the following spells:

 Spells                   Type           Power      Damage    Failure   Level
 Animate Skeleton         Necr           0%         N/A       100%        1
 Beastly Appendage        Tmut           0%         N/A       100%        1
 Pain                     Necr           0%         1d4       100%        1
 Wereblood                Tmut           0%         N/A       100%        2
 Spider Form              Tmut/Pois      0%         N/A       100%        3
 Vampiric Draining        Necr           0%         2d6       100%        3


Dungeon Overview and Level Annotations

Branches:
Dungeon (5/15)
 Temple: D:4-7

Altars:
Okawaru
Sif Muna
Yredelemnul
The Shining One


Innate Abilities, Weirdness & Mutations

You have a pair of horns on your head.
You reflexively headbutt those who attack you in melee.


Message History

You are more poisoned.
You hit the gnoll sergeant.
Your headbutt misses the gnoll sergeant.
The gnoll sergeant is heavily wounded.
You feel extremely sick.
The gnoll sergeant looks more healthy.
The gnoll sergeant hits you with a +3 spear of venom.
You are more poisoned.
You barely miss the gnoll sergeant. You headbutt the gnoll sergeant.
The gnoll sergeant is severely wounded.
You feel extremely sick.
The gnoll sergeant hits you with a +3 spear of venom.
You are more poisoned.
You block the gnoll sergeant's attack.
You hit the gnoll sergeant but do no damage.
The gnoll sergeant is severely wounded.
You feel very sick.
The gnoll sergeant hits you with a +3 spear of venom.
You are more poisoned.
You are too injured to fight recklessly!
You are too injured to fight recklessly!
You are too injured to fight recklessly!
You are too injured to fight recklessly!
Unknown command.
Your +0 short sword of venom begins to drip with poison!
u - a +0 short sword of venom (weapon)
You feel very sick. The gnoll sergeant blocks your attack.
You headbutt the gnoll sergeant, but do no damage.
The gnoll sergeant is severely wounded.
You feel very sick.
The gnoll sergeant hits you with a +3 spear of venom.
* * * LOW HITPOINT WARNING * * *
You are lethally poisoned!
The gnoll sergeant hits you with a +3 spear of venom!
* * * LOW HITPOINT WARNING * * *
* * * LOW HITPOINT WARNING * * *
You feel extremely sick.
The gnoll sergeant hits you but does no damage.
You die...

......##..##.....................
..###......#......##)............
#...g.............|.(..#).....###
#.#.............####..[......##
g##.#....#.#.....###......#..#
##..##.#..........##.)...##..#
#......###.......###.....##..#
#...#......(...).#...##......#
.g.###....((.g[.@.<.###..#...#
..# ##..##.........###..#...#
....###..#...........#..##...#
..............##>........###.#
#####.....#)..##.##...... .#
##...##....#.......... #...
#.............#. #..
.............## .... ...###..?..
...


You could see a gnoll sergeant.

Vanquished Creatures
  An ogre (D:4)
  A gnoll sergeant (D:5)
  3 scorpions
  A bullfrog zombie (D:5)
  An orc priest (D:2)
  A jelly (D:5)
  2 hounds (D:4)
  2 gnoll shamans
  3 iguanas (D:4)
  An orc wizard (D:4)
  22 gnolls
  4 adders
  An ufetubus (D:4)
  An adder skeleton (D:4)
  A worm (D:3)
  2 dart slugs (D:1)
  18 orcs
  6 endoplasms
  8 giant cockroaches
  5 hobgoblins
  3 jackals
  2 quokkas
  5 ball pythons
  6 bats
  3 frilled lizards
  6 goblins
  8 kobolds
  10 rats
127 creatures vanquished.

Notes
Turn   | Place    | Note
-------+----------+-------------------------------------------
     0 | D:1      | siradein the Minotaur Fighter began the quest for the Orb.
     0 | D:1      | Reached XP level 1. HP: 19/19 MP: 0/0
   137 | D:1      | Reached XP level 2. HP: 18/27 MP: 1/1
   544 | D:1      | Found a faded altar of an unknown god.
   677 | D:1      | Reached XP level 3. HP: 29/33 MP: 2/2
  1138 | D:2      | Found an iron altar of Okawaru.
  1317 | D:2      | Noticed a scorpion
  1323 | D:2      | Killed a scorpion
  1324 | D:2      | Reached XP level 4. HP: 25/41 MP: 3/3
  1653 | D:2      | Reached XP level 5. HP: 33/47 MP: 4/4
  2192 | D:3      | Found a glowing golden altar of the Shining One.
  2372 | D:3      | Found a basalt altar of Yredelemnul.
  2565 | D:3      | Found a shimmering blue altar of Sif Muna.
  2567 | D:3      | Found an iron altar of Okawaru.
  2719 | D:4      | Reached skill level 5 in Shields
  2774 | D:4      | Reached skill level 5 in Fighting
  2774 | D:4      | Reached skill level 5 in Armour
  2837 | D:4      | Reached skill level 1 in Dodging
  2837 | D:4      | Reached XP level 6. HP: 52/56 MP: 5/5
  3589 | D:5      | Entered Level 5 of the Dungeon
  3719 | D:4      | Reached XP level 7. HP: 60/61 MP: 6/6
  3851 | D:5      | Reached skill level 5 in Long Blades
  4072 | D:5      | Reached XP level 8. HP: 63/70 MP: 7/7
  4383 | D:5      | HP: 2/70 [poisoned by a gnoll sergeant]
  4384 | D:5      | Succumbed to a gnoll sergeant's poison

Illustrated notes

Levels and vault maps discovered:
D:1:      enne_arrival_octagon_isle, layout_loops_ring,
          ebering_ecumenical_altar_box
D:2:      layout_basic, basic_altar
D:3:      layout_rooms, yredelemnul_altar_generic, mainiacjoe_overflow_alcove_2,
          jmf_multi_god_temple, serial_curves, eino_curves_02, eino_curves_01,
          eino_curves_03, st_stairs_1, hangedman_decor_diamond_cutter
D:4:      layout_basic
D:5:      layout_cave_pools, serial_shops, shop, serial_gnoll_camp,
          gnoll_camp_mini_hut, gnoll_camp_medium_02, gnoll_camp_mini_basic,
          gnoll_camp_mini_hut, gnoll_camp_mini_basic, grunt_decor_cap

Skill      XL: |  1  2  3  4  5  6  7 |
---------------+----------------------+-----
Armour         | 4 5 6 |  6.3
Fighting       | 4 5 6 |  6.3
Shields        | 4 5 6 |  6.3
Long Blades    | 3 4 5 |  5.6
Dodging        | 1 2 3 |  3.3

Action                   |  1- 3 |  4- 6 |  7- 9 || total
-------------------------+-------+-------+-------++-------
Melee: Long sword        |    97 |   201 |   119 ||   417
       Headbutt          |    13 |    33 |    26 ||    72
       Short sword       |       |       |     1 ||     1
Throw: Dart              |       |       |     6 ||     6
Armor: Chain mail        |    58 |   168 |    85 ||   311
Dodge: Dodged            |    41 |   104 |    68 ||   213
Block: Buckler           |    22 |    79 |    26 ||   127
       Kite shield       |       |       |     8 ||     8

Table legend: (Time is in decaauts)
 A = Elapsed time spent in this place.
 B = Non-inter-level travel time spent in this place.
 C = Inter-level travel time spent in this place.
 D = Time resting spent in this place.
 E = Time spent auto-exploring this place.
 F = Levels seen in this place.
 G = Mean time per level.
                   A        B        C        D        E       F      G
               +--------+--------+--------+--------+--------+-----+--------+
         Total |   4494 |   4447 |     47 |    544 |   2821 |   5 |  898.8 |
       Dungeon |   4494 |   4447 |     47 |    544 |   2821 |   5 |  898.8 |
               +--------+--------+--------+--------+--------+-----+--------+

Top non-repeatable levels by time:
     D:4: 1365 daAuts
     D:2: 1135 daAuts
     D:1: 955 daAuts
     D:3: 663 daAuts
     D:5: 374 daAuts
